 Dungeon Sprint DCSS version 0.31.0-12-g77e489cdc1 (webtiles) character file.

Game seed: 9103518393471283341

10541 Groucho the Thaumaturge (level 11, -29/57 (64) HPs)
             Began as a Deep Elf Earth Elementalist on Feb 13, 2024.
             Was a High Priest of Sif Muna.
             Killed from afar by a golden dragon (36 damage)
             ... with a bolt of cold
             ... in the Dungeon (Sprint I: "Red Sonja").
             The game lasted 00:15:34 (6164 turns).

Groucho the Thaumaturge (DEEE)                      Turns: 6164, Time: 00:15:35

HP:   -29/57 (64)   AC:  7    Str:  5    XL:     11   Next: 37%
MP:   25/30         EV: 16    Int: 25    God:    Sif Muna [*****.]
Gold: 2005          SH:  0    Dex: 15    Spells: 24/37 levels left

rFire   + . .        p - +2 dagger (venom)
rCold   . . .        (no shield)
rNeg    . . .        l - +2 robe {rF+}
rPois   .            (no helmet)
rElec   .            (no cloak)
rCorr   .            (no gloves)
SInv    .            m - +2 pair of boots {Stlth+}
Will    +....        (no amulet)
Stlth   ++++++       (no ring)
HPRegen 0.29/turn    (no ring)
MPRegen 0.22/turn

%: no teleportation
@: very slightly contaminated, heavily drained
A: no striking features
a: Renounce Religion, Channel Magic, Forget Spell, Divine Exegesis


You were in the Dungeon.
You worshipped Sif Muna.
Sif Muna was extremely pleased with you.
You visited 1 branch You collected 2692 gold pieces.
You spent 687 gold pieces at shops.

Inventory:

Hand Weapons
 p - a +2 dagger of venom (weapon)
Missiles
 c - 9 stones
Armour
 h - a +2 robe of positive energy
 j - a +0 troll leather armour
 l - a +2 robe of fire resistance (worn)
 m - a +2 pair of boots of stealth (worn)
Jewellery
 g - a ring of protection from cold
 k - an amulet of faith
 q - a ring of flight
Talismans
 i - a granite talisman
Wands
 e - a wand of roots (18)
 o - a wand of light (7)
 r - a wand of flame (27)
 s - a wand of digging (6)
Scrolls
 a - a scroll of identify {unknown}
 n - a scroll of silence {unknown}
Potions
 b - a potion of magic
 d - 2 potions of curing
 f - a potion of berserk rage
 t - a potion of resistance


   Skills:
 + Level 6.3 Fighting
 + Level 8.3 Short Blades
 - Level 7.0 Armour
 + Level 8.7 Dodging
 + Level 11.3 Stealth
 + Level 13.7 Spellcasting
 + Level 12.1 Conjurations
 + Level 12.6 Earth Magic
 + Level 10.3 Alchemy
 - Level 10.0 Invocations


You had 24 spell levels left.
You knew the following spells:

 Your Spells              Type           Power      Damage    Failure   Level
a - Sandblast             Erth           100%       2d20      1%          1
b - Stone Arrow           Conj/Erth      100%       3d13      1%          3
c - Petrify               Alch/Erth      65%        N/A       1%          4
d - Irradiate             Conj/Alch      32%        3d22      1%          5

Your spell library contained the following spells:

 Spells                   Type           Power      Damage    Failure   Level
 Hailstorm                Conj/Ice       47%        3d10      1%          3
 Passwall                 Erth           69%        N/A       1%          3
 Brom's Barrelling Bould  Conj/Erth      68%        2d8       1%          4
 Leda's Liquefaction      Alch/Erth      32%        N/A       1%          4
 Alistair's Intoxication  Alch           41%        N/A       1%          5
 Freeze                   Ice            68%        1d8       3%          1
 Ensorcelled Hibernation  Hex/Ice        34%        N/A       4%          2
 Sticky Flame             Fire/Alch      43%        2d8       4%          4
 Eringya's Noxious Bog    Alch           31%        4d6       8%          6
 Frozen Ramparts          Ice            34%        1d6       10%         3
 Inner Flame              Hex/Fire       17%        N/A       10%         3
 Martyr's Knell           Necr/Summ      17%        N/A       32%         4
 Summon Lightning Spire   Summ/Air       17%        N/A       32%         4
 Metabolic Englaciation   Hex/Ice        8%         N/A       67%         5
 Haunt                    Necr/Summ      8%         N/A       100%        7
 Summon Hydra             Summ           8%         N/A       100%        7
 Ignition                 Fire           8%         3d5       100%        8


Dungeon Overview and Level Annotations

Branches:
Dungeon (1/1)

Altars:
Cheibriados
Dithmenos
Elyvilon
Fedhas
Gozag
Hepliaklqana
Kikubaaqudgha
Makhleb
Nemelex Xobeh
Okawaru
Qazlal
Ru
Sif Muna
Trog
Uskayaw
Vehumet
Wu Jian
Xom
Yredelemnul
Zin
The Shining One
Jiyva
Lugonu

Shops:
D :?!**([!*=*[?!([*


Message History

Found 108 gold pieces.
Found a grey potion and a club.
Found 123 gold pieces.
Found 72 gold pieces, a scroll labelled OZYSUMPUXZU and 5 stones.
The helpless shadow dragon fails to defend itself.
You skewer the shadow dragon like a kebab!!!!
The shadow dragon looks as sick as possible!
The shadow dragon is severely wounded.
The shadow dragon bites you!
You feel drained. The shadow dragon claws you. The shadow dragon misses you.
The shadow dragon breathes negative energy at you.
The bolt of negative energy hits you!!!
You feel drained.
Ouch! That really hurt!
* * * LOW HITPOINT WARNING * * *
The golden dragon roars deafeningly!
You see here an amulet of magic regeneration.
Unknown command.
Unknown command.
Okay, then.
Okay, then.
Casting: Stone Arrow (safe; 1% risk of failure)
Confirm with . or Enter, or press ? or * to list all spells.
You don't know that spell.
Unknown command.
Casting: Stone Arrow (safe; 1% risk of failure)
Confirm with . or Enter, or press ? or * to list all spells.
You erupt in a fountain of uncontrolled magic!
The shadow dragon is blasted with magical radiation!!
The shadow dragon is almost dead.
The golden dragon is blasted with magical radiation.
You are very lightly contaminated with residual magic.
The shadow dragon bites you but does no damage.
The shadow dragon claws you.
* * * LOW HITPOINT WARNING * * *
The shadow dragon claws you.
* * * LOW HITPOINT WARNING * * *
The golden dragon breathes cold at you. The bolt of cold hits you!!!
Ouch! That really hurt!
You die...

+# #.§§§§#
##§§§§# ###+##
#.####+#
##§#...§##
##.§§§§§..#
#.§§§§.§§§§#
##..§.§§.§.§##
#.....D@.....#
#.....§D.....#
##....§§....##
#$$$$$$$$$$#
##$$$$$$$$##
##)!?($$##
########


You could see a shadow dragon (extremely poisoned, catching breath) and a golden
dragon (catching breath).

Vanquished Creatures
  A hydra (D)
  2 centaur warriors (D)
  4 demonic crawlers (D)
  Sonja (D)
  A lindwurm (D)
  A deep troll (D)
  An oklob plant (D)
  2 kobold demonologists (D)
  3 glass eyes (D)
  A hornet (D)
  Sigmund (D)
  A yak (D)
  A slime creature (D)
  13 hogs (D)
  2 redbacks (D)
  An ogre (D)
  7 necrophages (D)
  8 jellies (D)
  Ijyb (D)
  2 ballistomycete spores (D)
54 creatures vanquished.

Notes
Turn   | Place    | Note
-------+----------+-------------------------------------------
     0 | D        | Groucho the Deep Elf Earth Elementalist began the quest for
                  | the Orb.
     0 | D        | Reached XP level 1. HP: 10/10 MP: 6/6
     4 | D        | Noticed Ijyb
    14 | D        | Killed Ijyb
    15 | D        | Reached skill level 4 in Spellcasting
    15 | D        | Reached skill level 5 in Earth Magic
    15 | D        | Reached XP level 2. HP: 11/15 MP: 0/9
   335 | D        | Noticed an ogre
   339 | D        | Killed an ogre
   340 | D        | Reached skill level 6 in Spellcasting
   340 | D        | Reached XP level 3. HP: 19/19 MP: 6/12
   340 | D        | Reached XP level 4. HP: 24/24 MP: 7/14
   723 | D        | Learned a level 3 spell: Stone Arrow
   739 | D        | Noticed Sigmund
   744 | D        | Killed Sigmund
   745 | D        | Reached skill level 1 in Fighting
   745 | D        | Reached skill level 1 in Armour
   745 | D        | Reached skill level 7 in Spellcasting
   745 | D        | Reached XP level 5. HP: 30/30 MP: 8/16
   745 | D        | Reached XP level 6. HP: 35/35 MP: 9/18
   776 | D        | Learned a level 4 spell: Petrify
  1000 | D        | Found an ornate altar of the Wu Jian Council.
  1000 | D        | Found a shimmering blue altar of Sif Muna.
  1002 | D        | Found a radiant altar of Vehumet.
  1397 | D        | Found Aneugang's Magic Scroll Emporium.
  1397 | D        | Found an ancient bone altar of Kikubaaqudgha.
  1397 | D        | Found a hazy altar of Hepliaklqana.
  1397 | D        | Found a stormy altar of Qazlal.
  1397 | D        | Found a hide-covered altar of Uskayaw.
  1397 | D        | Found a blossoming altar of Fedhas.
  1397 | D        | Found a bloodstained altar of Trog.
  1397 | D        | Found an iron altar of Okawaru.
  1397 | D        | Found a basalt altar of Yredelemnul.
  1397 | D        | Found a glowing golden altar of the Shining One.
  1397 | D        | Found a snail-covered altar of Cheibriados.
  1397 | D        | Found a sacrificial altar of Ru.
  1397 | D        | Found a glowing silver altar of Zin.
  1397 | D        | Found a shadowy altar of Dithmenos.
  1397 | D        | Found a white marble altar of Elyvilon.
  1397 | D        | Noticed a yak
  1401 | D        | Killed a yak
  1402 | D        | Reached skill level 5 in Stealth
  1402 | D        | Found an opulent altar of Gozag.
  1403 | D        | Found a sparkling altar of Nemelex Xobeh.
  1765 | D        | Found a burning altar of Makhleb.
  1765 | D        | Found a shimmering altar of Xom.
  1765 | D        | Noticed a slime creature
  1790 | D        | Killed a slime creature
  1791 | D        | Reached skill level 5 in Dodging
  1791 | D        | Reached skill level 8 in Spellcasting
  1791 | D        | Reached XP level 7. HP: 24/41 MP: 1/20
  1807 | D        | Found a viscous altar of Jiyva.
  1807 | D        | Found a corrupted altar of Lugonu.
  1814 | D        | Became a worshipper of Sif Muna the Loreminder
  2160 | D        | Noticed a centaur warrior
  2165 | D        | Noticed a centaur warrior
  2181 | D        | Noticed a hornet
  2191 | D        | Killed a centaur warrior
  2192 | D        | Reached skill level 9 in Spellcasting
  2192 | D        | Reached skill level 5 in Alchemy
  2192 | D        | Reached skill level 5 in Invocations
  2192 | D        | Reached XP level 8. HP: 46/48 MP: 2/23
  2196 | D        | Killed a hornet
  2197 | D        | Reached skill level 5 in Short Blades
  2256 | D        | Killed a centaur warrior
  2256 | D        | Reached * piety under Sif Muna
  2257 | D        | Reached XP level 9. HP: 22/52 MP: 5/24
  2473 | D        | Noticed a deep troll
  2478 | D        | Noticed an oklob plant
  2487 | D        | Killed an oklob plant
  2488 | D        | Reached skill level 5 in Armour
  2488 | D        | Reached skill level 10 in Spellcasting
  2792 | D        | Killed a deep troll
  2793 | D        | Reached skill level 5 in Fighting
  2793 | D        | Reached skill level 10 in Earth Magic
  3188 | D        | Found Revel's Armour Emporium.
  3192 | D        | Bought a +2 pair of boots of stealth for 236 gold pieces
  3207 | D        | Noticed Sonja
  3228 | D        | Killed Sonja
  3229 | D        | Reached skill level 10 in Conjurations
  3248 | D        | Found Waaproih's Book Boutique.
  3262 | D        | Learned a level 5 spell: Irradiate
  3576 | D        | Noticed a kobold demonologist
  3577 | D        | Noticed a kobold demonologist
  3580 | D        | Reached ** piety under Sif Muna
  3580 | D        | Killed a kobold demonologist
  3580 | D        | Killed a kobold demonologist
  3581 | D        | Reached skill level 11 in Spellcasting
  3581 | D        | Reached XP level 10. HP: 48/59 MP: 15/27
  3827 | D        | Noticed a demonic crawler
  3827 | D        | Noticed a demonic crawler
  3827 | D        | Noticed a demonic crawler
  3827 | D        | Noticed a demonic crawler
  3829 | D        | Killed a demonic crawler
  3830 | D        | Reached skill level 10 in Stealth
  3844 | D        | Killed a demonic crawler
  3844 | D        | Reached *** piety under Sif Muna
  3845 | D        | Reached skill level 12 in Spellcasting
  3853 | D        | Killed a demonic crawler
  3858 | D        | Killed a demonic crawler
  4220 | D        | Noticed a lindwurm
  4222 | D        | Killed a lindwurm
  4238 | D        | Reached **** piety under Sif Muna
  4532 | D        | Reached skill level 13 in Spellcasting
  4676 | D        | Reached ***** piety under Sif Muna
  4677 | D        | Reached XP level 11. HP: 64/64 MP: 22/30
  4683 | D        | Received a gift from Sif Muna
  5190 | D        | Noticed a 12-headed hydra
  5200 | D        | Killed a 12-headed hydra
  5201 | D        | Reached skill level 10 in Alchemy
  5201 | D        | Reached skill level 10 in Invocations
  5590 | D        | Received a gift from Sif Muna
  5591 | D        | Got Sif Muna's Discourse on Calling and Hoarfrost {god
                  | gift}
  5845 | D        | Received a gift from Sif Muna
  5846 | D        | Got Sif Muna's Dissertation on the Mutable Crevasse {god
                  | gift}
  5906 | D        | Found Sitacew's General Store.
  5906 | D        | Found Luuwyacu's Distillery.
  5906 | D        | Found Meast's Assorted Antiques.
  5908 | D        | Found Anwod's Antique Weapon Emporium.
  5908 | D        | Found Laeclymu's Antique Armour Shop.
  5908 | D        | Found Acockef's Distillery.
  5908 | D        | Found Gaka Ide's General Store.
  5908 | D        | Found Duziugio's Jewellery Emporium.
  5908 | D        | Found Sivoq's General Store.
  5908 | D        | Found Gamon's Armour Shoppe.
  5912 | D        | Found Siezos's Magic Scroll Boutique.
  5913 | D        | Found Zats's Antique Weapon Emporium.
  5913 | D        | Found Quituun's Distillery.
  5914 | D        | Found Kyimpeep's Assorted Antiques.
  5917 | D        | Bought a ring of flight for 175 gold pieces
  5923 | D        | Bought an ivory wand for 88 gold pieces
  5923 | D        | Bought a fluorescent wand for 88 gold pieces
  5934 | D        | Bought a potion of resistance for 100 gold pieces
  6055 | D        | Noticed a shadow dragon
  6055 | D        | Noticed a golden dragon
  6164 | D        | Killed from afar by a golden dragon

Illustrated notes

Levels and vault maps discovered:
D:        dungeon_sprint_1 [red_sonja_temple_1, red_sonja_temple_small_1]

Skill      XL: |  1  2  3  4  5  6  7  8  9 10 11 |
---------------+----------------------------------+-----
Spellcasting   | 4 6 7 8 9 11 13 | 13.7
Conjurations   | 4 6 7 8 9 10 11 12 | 12.1
Earth Magic    | 5 7 8 9 10 12 | 12.6
Fighting       | 1 3 4 5 6 |  6.3
Short Blades   | 2 3 4 5 7 8 |  8.3
Armour         | 1 3 4 6 7 |  7.0
Dodging        | 4 5 6 7 8 |  8.7
Stealth        | 4 5 6 7 9 10 11 | 11.3
Alchemy        | 2 4 5 6 8 9 10 | 10.3
Invocations    | 2 4 5 6 7 9 10 | 10.0

Action                     |  1- 3 |  4- 6 |  7- 9 | 10-12 || total
---------------------------+-------+-------+-------+-------++-------
  Melee: Unarmed           |       |       |     4 |       ||     4
         Dagger            |       |       |     1 |    49 ||    50
   Cast: Sandblast         |     9 |     3 |       |       ||    12
         Stone Arrow       |       |    10 |    23 |    41 ||    74
         Petrify           |       |     2 |     7 |     9 ||    18
         Irradiate         |       |       |     3 |     5 ||     8
 Invoke: Channel Magic     |       |       |       |     3 ||     3
    Use: Potion            |     1 |       |     4 |     2 ||     7
         Scroll            |       |       |       |     1 ||     1
   Stab: Petrified         |       |       |     1 |    16 ||    17
         Sleeping          |       |       |     1 |     4 ||     5
         Petrifying        |       |       |       |     2 ||     2
 Armour: Robe              |     1 |     4 |    27 |    48 ||    80
  Dodge: Dodged            |     2 |     2 |    24 |    49 ||    77
